[ PARTIDA AOE2 · #469862915 ]
Team RMFrancos vs Britons
[ ANÁLISIS DE REPETICIÓN · EXTRAÍDO DE LA PARTIDA GRABADA ]
Feudal
14:20
Castillos
30:10
Imperial
—
| APM promedio | 12.0 |
| APM pico | 30 |
| eAPM promedio | 7.1 |
| Aldeanos / militares | 62 / 76 |
Foco
⚔️ 40.5% · 🌾 59.5%
Spearman ×42 · Throwing Axeman ×25 · Battering Ram ×7 · Scout Cavalry ×2
Feudal
14:17
Castillos
23:22
Imperial
33:37
| APM promedio | 22.6 |
| APM pico | 55 |
| eAPM promedio | 11.2 |
| Aldeanos / militares | 129 / 106 |
Foco
⚔️ 21.8% · 🌾 78.2%
Longbowman ×75 · Knight ×24 · Trebuchet (Packed) ×3 · Battering Ram ×3 · Monk ×1
Feudal
—
Castillos
—
Imperial
—
| APM promedio | 0.1 |
| APM pico | 3 |
| eAPM promedio | 0.1 |
| Aldeanos / militares | 0 / 0 |
Feudal
—
Castillos
—
Imperial
—
| APM promedio | 0.4 |
| APM pico | 17 |
| eAPM promedio | 0.3 |
| Aldeanos / militares | 5 / 0 |
Foco
⚔️ 0.0% · 🌾 100.0%
Feudal
—
Castillos
—
Imperial
—
| APM promedio | 0.2 |
| APM pico | 9 |
| eAPM promedio | 0.2 |
| Aldeanos / militares | 0 / 0 |
Feudal
—
Castillos
—
Imperial
—
| APM promedio | 0.3 |
| APM pico | 7 |
| eAPM promedio | 0.3 |
| Aldeanos / militares | 4 / 0 |
Foco
⚔️ 0.0% · 🌾 100.0%
Feudal
—
Castillos
—
Imperial
—
| APM promedio | 0.2 |
| APM pico | 9 |
| eAPM promedio | 0.2 |
| Aldeanos / militares | 0 / 0 |
Feudal
—
Castillos
—
Imperial
—
| APM promedio | 0.1 |
| APM pico | 3 |
| eAPM promedio | 0.1 |
| Aldeanos / militares | 0 / 0 |
Mapa de la partida
Recursos iniciales + cada clic de construcción. Líneas = muros · curvas = relieve. ◆ oro · ⬟ piedra · ● bayas · ✦ reliquia · ◌ hueco del cierre
Tu base· ✓ Cerrada en 30:10 · 0t muro · 3 puerta(s)
Base de 楊家富是菜DOG· ✓ Cerrada en 23:22 · 0t muro · 3 puerta(s)
Base de LilCloneTrooper· ✓ Cerrada en 12:00 · 0t muro · 2 puerta(s)
Base de kazuhalu· ✓ Cerrada en 12:00 · 0t muro · 3 puerta(s)
Base de mich.e· ✓ Cerrada en 12:00 · 0t muro · 2 puerta(s)
Base de 煤矿矿主· ✓ Cerrada en 12:00 · 0t muro · 2 puerta(s)
Base de joeunterberger96· ✓ Cerrada en 12:00 · 0t muro · 3 puerta(s)
Base de w__tiger· ✓ Cerrada en 12:00 · 0t muro · 2 puerta(s)
Terreno inicial suavizado · ◌ = hueco del cierre detectado · pasá el cursor para detalles
Inputs por minuto
— arthurtosun - - 楊家富是菜DOG
Build order — arthurtosun
Primeras 150 de 214 acciones detectadas
| 0:20 | Crear | Villager (Male) |
| 0:20 | Crear | Villager (Male) |
| 0:20 | Crear | Villager (Male) |
| 0:20 | Crear | Villager (Male) |
| 0:20 | Crear | Villager (Male) |
| 1:20 | Construir | House |
| 1:36 | Construir | House |
| 2:32 | Crear | Villager (Male) |
| 2:32 | Crear | Villager (Male) |
| 2:50 | Construir | Mill |
| 2:55 | Crear | Villager (Male) |
| 4:42 | Crear | Villager (Male) |
| 4:42 | Crear | Villager (Male) |
| 4:43 | Crear | Villager (Male) |
| 5:38 | Crear | Villager (Male) |
| 5:38 | Crear | Villager (Male) |
| 5:39 | Crear | Villager (Male) |
| 5:49 | Construir | House |
| 6:37 | Crear | Villager (Male) |
| 6:37 | Crear | Villager (Male) |
| 6:38 | Crear | Villager (Male) |
| 7:33 | Crear | Villager (Male) |
| 7:33 | Crear | Villager (Male) |
| 8:26 | Construir | House |
| 9:03 | Construir | House |
| 9:27 | Construir | Barracks |
| 10:37 | Construir | House |
| 10:48 | Construir | Lumber Camp |
| 12:10 | Investigar | Feudal Age |
| 14:15 | Crear | Villager (Male) |
| 14:16 | Crear | Villager (Male) |
| 14:16 | Crear | Villager (Male) |
| 14:16 | Crear | Villager (Male) |
| 14:16 | Crear | Villager (Male) |
| 14:17 | Crear | Villager (Male) |
| 14:20 | Edad | Edad Feudal |
| 14:32 | Construir | Mill |
| 14:49 | Construir | Stable |
| 15:14 | Construir | Blacksmith |
| 16:15 | Crear | Villager (Male) |
| 16:15 | Crear | Villager (Male) |
| 16:15 | Crear | Villager (Male) |
| 16:34 | Construir | Mining Camp |
| 16:49 | Crear | Scout Cavalry |
| 16:49 | Crear | Scout Cavalry |
| 18:50 | Crear | Villager (Male) |
| 18:50 | Crear | Villager (Male) |
| 18:51 | Crear | Villager (Male) |
| 18:51 | Crear | Villager (Male) |
| 19:03 | Investigar | Scale Barding Armor |
| 19:12 | Investigar | Forging |
| 19:28 | Construir | House |
| 19:30 | Construir | House |
| 19:31 | Construir | House |
| 19:38 | Crear | Villager (Male) |
| 19:38 | Crear | Villager (Male) |
| 19:39 | Crear | Villager (Male) |
| 20:53 | Crear | Villager (Male) |
| 20:53 | Crear | Villager (Male) |
| 20:53 | Crear | Villager (Male) |
| 21:09 | Investigar | Double-Bit Axe |
| 22:45 | Construir | Mining Camp |
| 23:10 | Construir | Mill |
| 23:22 | Crear | Villager (Male) |
| 23:22 | Crear | Villager (Male) |
| 23:23 | Crear | Villager (Male) |
| 24:11 | Crear | Villager (Male) |
| 24:11 | Crear | Villager (Male) |
| 24:12 | Crear | Villager (Male) |
| 24:51 | Construir | House |
| 24:53 | Construir | House |
| 24:55 | Construir | House |
| 26:27 | Construir | Archery Range |
| 26:36 | Construir | Farm |
| 27:17 | Construir | Farm |
| 27:17 | Construir | Farm |
| 27:17 | Construir | Farm |
| 27:18 | Construir | Farm |
| 27:18 | Construir | Farm |
| 27:18 | Construir | Farm |
| 27:18 | Construir | Farm |
| 27:19 | Construir | Farm |
| 27:20 | Construir | Farm |
| 27:20 | Construir | Farm |
| 27:20 | Construir | Farm |
| 27:21 | Construir | Farm |
| 27:24 | Crear | Villager (Male) |
| 27:24 | Crear | Villager (Male) |
| 27:24 | Crear | Villager (Male) |
| 27:24 | Crear | Villager (Male) |
| 27:30 | Investigar | Castle Age |
| 27:53 | Construir | House |
| 27:55 | Construir | House |
| 27:59 | Construir | House |
| 28:01 | Construir | House |
| 28:02 | Construir | House |
| 29:12 | Crear | Spearman |
| 29:13 | Crear | Spearman |
| 29:13 | Crear | Spearman |
| 29:14 | Crear | Spearman |
| 30:10 | Edad | Edad de los Castillos |
| 30:24 | Construir | Siege Workshop |
| 30:51 | Crear | Battering Ram |
| 30:51 | Crear | Battering Ram |
| 30:51 | Crear | Battering Ram |
| 30:51 | Crear | Battering Ram |
| 30:56 | Investigar | Pikeman (upgrade) |
| 30:58 | Investigar | Gambesons |
| 30:59 | Investigar | Squires |
| 31:00 | Investigar | Arson |
| 31:23 | Construir | Barracks |
| 31:25 | Construir | Barracks |
| 31:26 | Construir | Barracks |
| 31:29 | Construir | Barracks |
| 31:54 | Investigar | Gold Mining |
| 33:25 | Construir | Castle |
| 34:02 | Construir | Farm |
| 34:02 | Construir | Farm |
| 34:02 | Construir | Farm |
| 34:02 | Construir | Farm |
| 34:03 | Construir | Farm |
| 34:03 | Construir | Farm |
| 34:03 | Construir | Farm |
| 34:03 | Construir | Farm |
| 34:03 | Construir | Farm |
| 34:04 | Construir | Farm |
| 34:13 | Crear | Spearman |
| 34:13 | Crear | Spearman |
| 34:13 | Crear | Spearman |
| 35:46 | Crear | Villager (Male) |
| 35:47 | Crear | Villager (Male) |
| 35:47 | Crear | Villager (Male) |
| 35:47 | Crear | Villager (Male) |
| 35:47 | Crear | Villager (Male) |
| 35:48 | Crear | Villager (Male) |
| 35:55 | Crear | Villager (Male) |
| 35:55 | Crear | Villager (Male) |
| 36:29 | Crear | Spearman |
| 36:29 | Crear | Spearman |
| 36:29 | Crear | Spearman |
| 36:30 | Crear | Spearman |
| 36:30 | Crear | Spearman |
| 36:32 | Crear | Spearman |
| 36:33 | Crear | Spearman |
| 36:33 | Crear | Spearman |
| 36:33 | Crear | Spearman |
| 36:34 | Crear | Spearman |
| 36:34 | Crear | Spearman |
| 36:35 | Crear | Spearman |
| 36:35 | Crear | Spearman |
Build order — 楊家富是菜DOG
Primeras 150 de 221 acciones detectadas
| 0:21 | Crear | Villager (Male) ×4 |
| 0:21 | Crear | Villager (Male) ×4 |
| 0:24 | Construir | House |
| 0:27 | Investigar | Loom |
| 0:50 | Construir | House |
| 1:49 | Crear | Villager (Male) |
| 1:50 | Crear | Villager (Male) |
| 2:32 | Crear | Villager (Male) ×2 |
| 2:33 | Crear | Villager (Male) ×2 |
| 3:00 | Construir | Mill |
| 3:29 | Crear | Villager (Male) ×3 |
| 4:13 | Crear | Villager (Male) |
| 4:20 | Crear | Villager (Male) ×3 |
| 4:24 | Construir | House |
| 4:26 | Construir | House |
| 4:28 | Construir | House |
| 5:01 | Crear | Villager (Male) ×3 |
| 5:02 | Crear | Villager (Male) ×3 |
| 6:17 | Crear | Villager (Male) ×2 |
| 6:40 | Construir | Lumber Camp |
| 7:52 | Crear | Villager (Male) ×5 |
| 7:52 | Crear | Villager (Male) ×5 |
| 8:39 | Construir | Farm |
| 8:57 | Construir | Farm |
| 9:19 | Construir | House |
| 9:20 | Construir | House |
| 10:11 | Construir | House |
| 10:13 | Construir | House |
| 10:15 | Construir | House |
| 10:18 | Investigar | Feudal Age |
| 11:51 | Construir | Farm |
| 12:13 | Construir | Mining Camp |
| 13:41 | Crear | Villager (Male) ×5 |
| 13:41 | Crear | Villager (Male) ×5 |
| 13:41 | Crear | Villager (Male) ×4 |
| 14:17 | Edad | Edad Feudal |
| 14:18 | Crear | Villager (Male) |
| 14:35 | Investigar | Horse Collar |
| 14:38 | Investigar | Double-Bit Axe |
| 15:00 | Investigar | Wheelbarrow |
| 15:12 | Construir | Blacksmith |
| 15:24 | Construir | House |
| 15:25 | Construir | House |
| 15:26 | Construir | House |
| 15:28 | Construir | House |
| 15:29 | Construir | House |
| 15:31 | Construir | House |
| 15:33 | Construir | House |
| 15:35 | Construir | House |
| 15:36 | Construir | House |
| 15:37 | Construir | House |
| 15:39 | Construir | House |
| 15:40 | Construir | House |
| 15:42 | Construir | House |
| 15:43 | Construir | House |
| 15:45 | Construir | House |
| 15:47 | Construir | House |
| 16:15 | Construir | Barracks |
| 16:27 | Construir | Market |
| 16:30 | Investigar | Fletching |
| 16:32 | Investigar | Padded Archer Armor |
| 16:35 | Investigar | Scale Mail Armor |
| 17:53 | Crear | Villager (Male) ×5 |
| 18:47 | Construir | Barracks |
| 18:58 | Crear | Villager (Male) ×5 |
| 18:59 | Crear | Villager (Male) ×5 |
| 19:21 | Construir | Farm |
| 19:27 | Construir | Farm |
| 19:50 | Construir | Archery Range |
| 19:58 | Crear | Villager (Male) ×2 |
| 20:11 | Construir | Farm |
| 20:20 | Investigar | Gold Mining |
| 20:34 | Investigar | Castle Age |
| 20:44 | Investigar | Wheelbarrow |
| 20:48 | Construir | Farm |
| 20:55 | Construir | Stable |
| 21:35 | Construir | Farm |
| 21:39 | Construir | Farm |
| 21:43 | Construir | Farm |
| 21:47 | Construir | Farm |
| 21:51 | Construir | Farm |
| 21:54 | Construir | Farm |
| 21:58 | Construir | Farm |
| 22:01 | Construir | Farm |
| 22:04 | Construir | Farm |
| 22:07 | Construir | Farm |
| 22:10 | Construir | Farm |
| 22:16 | Construir | Farm |
| 22:33 | Crear | Villager (Male) ×5 |
| 22:34 | Crear | Villager (Male) ×5 |
| 23:03 | Crear | Villager (Male) ×3 |
| 23:22 | Edad | Edad de los Castillos |
| 23:27 | Construir | Town Center |
| 23:35 | Construir | Mining Camp |
| 24:12 | Investigar | Husbandry |
| 24:14 | Crear | Knight |
| 24:15 | Crear | Knight |
| 24:32 | Investigar | Gold Shaft Mining |
| 24:35 | Investigar | Stone Mining |
| 24:53 | Construir | House |
| 24:54 | Construir | House |
| 24:58 | Investigar | Hand Cart |
| 25:01 | Crear | Villager (Male) ×5 |
| 25:01 | Crear | Villager (Male) |
| 25:02 | Crear | Villager (Male) |
| 25:05 | Construir | House |
| 25:07 | Construir | House |
| 25:08 | Construir | House |
| 25:12 | Construir | House |
| 25:13 | Construir | House |
| 25:14 | Construir | House |
| 25:18 | Construir | House |
| 25:19 | Construir | House |
| 25:21 | Construir | House |
| 25:26 | Construir | House |
| 25:27 | Construir | House |
| 25:29 | Construir | House |
| 25:30 | Construir | House |
| 25:32 | Construir | House |
| 26:11 | Construir | Castle |
| 26:32 | Crear | Villager (Male) ×5 |
| 26:51 | Investigar | Heavy Plow |
| 26:55 | Investigar | Bow Saw |
| 26:58 | Crear | Villager (Male) ×3 |
| 27:11 | Construir | Farm |
| 27:34 | Crear | Knight ×5 |
| 27:34 | Crear | Knight ×5 |
| 27:34 | Crear | Knight |
| 28:20 | Construir | Town Center |
| 29:36 | Investigar | Town Watch |
| 29:50 | Construir | Stable |
| 30:12 | Investigar | Imperial Age |
| 30:31 | Construir | Monastery |
| 30:35 | Crear | Villager (Male) ×5 |
| 30:57 | Construir | Farm |
| 31:02 | Construir | Farm |
| 31:09 | Construir | Farm |
| 31:14 | Construir | Farm |
| 31:18 | Crear | Monk |
| 31:37 | Investigar | Bodkin Arrow |
| 31:38 | Investigar | Leather Archer Armor |
| 31:40 | Investigar | Scale Barding Armor |
| 32:15 | Crear | Villager (Male) ×5 |
| 32:23 | Construir | Farm |
| 32:27 | Construir | Farm |
| 32:32 | Construir | Farm |
| 33:14 | Construir | Castle |
| 33:25 | Construir | Watch Tower |
| 33:37 | Edad | Edad Imperial |
| 33:41 | Construir | Watch Tower |
Build order — LilCloneTrooper
0 acciones detectadas en el replay
Build order — kazuhalu
6 acciones detectadas en el replay
| 0:02 | Crear | Villager (Male) |
| 0:02 | Crear | Villager (Male) |
| 0:02 | Crear | Villager (Male) |
| 0:02 | Crear | Villager (Male) |
| 0:03 | Crear | Villager (Male) |
| 0:13 | Construir | House |
Build order — mich.e
0 acciones detectadas en el replay
Build order — 煤矿矿主
6 acciones detectadas en el replay
| 0:55 | Construir | House |
| 0:56 | Construir | House |
| 1:00 | Crear | Villager (Male) |
| 1:00 | Crear | Villager (Male) |
| 1:01 | Crear | Villager (Male) |
| 1:02 | Crear | Villager (Male) |
Build order — joeunterberger96
0 acciones detectadas en el replay
Build order — w__tiger
0 acciones detectadas en el replay
Cronología de la partida
| 0:01 | mich.e · resign |
| 9:27 | arthurtosun · first_building Barracks |
| 14:17 | 楊家富是菜DOG · age_up feudal |
| 14:20 | arthurtosun · age_up feudal |
| 14:49 | arthurtosun · first_building Stable |
| 16:15 | 楊家富是菜DOG · first_building Barracks |
| 19:50 | 楊家富是菜DOG · first_building Archery Range |
| 20:55 | 楊家富是菜DOG · first_building Stable |
| 23:22 | 楊家富是菜DOG · age_up castle |
| 25:55 | 楊家富是菜DOG · first_market_buy 100 stone |
| 26:11 | 楊家富是菜DOG · first_building Castle |
| 26:27 | arthurtosun · first_building Archery Range |
| 30:10 | arthurtosun · age_up castle |
| 30:24 | arthurtosun · first_building Siege Workshop |
| 30:31 | 楊家富是菜DOG · first_building Monastery |
| 33:25 | arthurtosun · first_building Castle |
| 33:37 | 楊家富是菜DOG · age_up imperial |
| 35:17 | 楊家富是菜DOG · wall_segment Stone Wall x5 |
| 37:18 | 楊家富是菜DOG · wall_segment Stone Wall x8 |
| 40:51 | 楊家富是菜DOG · first_building Siege Workshop |
[ ANÁLISIS IA · 1 CRÉDITO ]
¿Qué pasó realmente en esta partida?
Wolo.gg analiza cada decisión: build order, eco, micro, errores típicos por bracket. Análisis personalizado por WhatsApp o Discord en 30 segundos.
Guía civ
Francos
Guía mapa
Arena
Perfil
Jugador #17983693